 Dungeon Crawl Stone Soup version 0.31-a0-853-gc9b61b78f7 (webtiles) character file.

Game seed: 4322199467796362190

959 Ethylacetat the Mimic (level 8, -2/58 HPs)
             Began as a Vine Stalker Shapeshifter on Oct 8, 2023.
             Slain by an orc warrior
             ... wielding a +0 dire flail
              (12 damage)
             ... on level 7 of the Dungeon.
             The game lasted 00:05:38 (2539 turns).

Ethylacetat the Mimic (Vine Stalker Shapeshifter)   Turns: 2539, Time: 00:05:39

Health: -2/58      AC: 24    Str: 18    XL:     8   Next: 14%
Magic:  0/9        EV:  2    Int: 10    God:
Gold:   185        SH:  0    Dex: 15    Spells: 7/7 levels left

rFire   . .          .
                       - Unarmed
rCold   . . .        (no shield)
rNeg    . . .        j - melded +1 leather armour of Vampiric Thralls {rF+++ rN+ Str+3 Int-2}
rPois   +            (helmet currently unavailable)
rElec   .            (cloak currently unavailable)
rCorr   +            (gloves currently unavailable)
SInv    .            (boots currently unavailable)
Will    +....        (no amulet)
Stlth   +            q - ring of resist corrosion
HPRegen 1.09/turn    (no ring)
MPRegen 0.11/turn

%: guardian spirit
@: tree-form (expiring)
A: stationary, stasis, torment immunity, boosted hp, (fangs 3), regeneration 1,
magic shield, (antimagic bite), no potion heal 2
a: no special abilities


You were on level 7 of the Dungeon.
You were a tree.
You visited 1 branch of the dungeon, and saw 5 of its levels.

You collected 185 gold pieces.

Inventory:

Armour
 j - the +1 leather armour of Vampiric Thralls (melded) {rF+++ rN+ Str+3 Int-2}
   (You found it on level 2 of the Dungeon)

   Str+3:     It affects your strength (+3).
   Int-2:     It affects your intelligence (-2).
   rF+++:     It renders you almost immune to fire.
   rN+:       It protects you from negative energy.
Jewellery
 q - a ring of resist corrosion (left branch)
Talismans
 c - a beast talisman
 d - a flux talisman
 m - a talisman of death
Wands
 l - a wand of polymorph (13)
 w - a wand of mindburst (6)
Scrolls
 g - a scroll of immolation {unknown}
 h - a scroll of brand weapon {unknown}
 i - 2 scrolls of teleportation {unknown}
 k - 2 scrolls of noise {unknown}
 o - 3 scrolls of identify {unknown}
 p - a scroll of enchant armour {unknown}
 r - a scroll of torment {unknown}
 t - a scroll of fog {unknown}
Potions
 a - a potion of heal wounds {unknown}
 b - a potion of lignification
 e - 2 potions of brilliance {unknown}
 f - a potion of berserk rage {unknown}
 n - 2 potions of degeneration {unknown}
 s - a potion of curing {unknown}
 u - a potion of invisibility {unknown}
 v - a potion of might {unknown}
 x - a potion of enlightenment {unknown}


   Skills:
 - Level 2.0 Fighting
 - Level 2.4 Dodging
 - Level 3.7 Unarmed Combat
 + Level 8.1 Shapeshifting


You had 7 spell levels left.
You didn't know any spells.
Your spell library contained the following spells:

 Spells                   Type           Power      Damage    Failure   Level
 Freeze                   Ice            0%         1d3       36%         1
 Dazzling Flash           Conj/Hex       0%         N/A       75%         3
 Frozen Ramparts          Ice            0%         1d1       75%         3
 Hailstorm                Conj/Ice       0%         3d3       75%         3
 Ozocubu's Armour         Ice            0%         N/A       75%         3
 Volatile Blastmotes      Fire/Tloc      0%         2d10      75%         3
 Metabolic Englaciation   Hex/Ice        0%         N/A       100%        5
 Simulacrum               Ice/Necr       0%         N/A       100%        6
 Starburst                Conj/Fire      0%         6d3       100%        6
 Maxwell's Capacitive Co  Air            0%         ∞         100%        8


Dungeon Overview and Level Annotations

Branches:
Dungeon (4/15)
 Temple: D:4-7

Altars:

Annotations:
D:4 Sigmund


Innate Abilities, Weirdness & Mutations

You are a tree.
Your roots penetrate the ground, keeping you stationary.
You cannot be teleported.
You are immune to unholy pain and torment.
Your maximum health is greatly increased.
Your equipment is partially melded.
((You have razor-sharp teeth.))
Your natural rate of healing is unusually fast.
When hurt, damage is shared between your health and your magic reserves.
((Your bite disrupts and absorbs the magic of your enemies.))
Potions cannot restore your health.


Message History

The orc warrior hits you but does no damage.
You hit the orc warrior.
The orc warrior is moderately wounded.
The orc warrior hits you with a +0 dire flail.
* * * LOW HITPOINT WARNING * * *
You hit the orc warrior.
The orc warrior is moderately wounded.
An orc comes into view. It is wielding a +1 whip of venom.
The orc warrior hits you but does no damage.
You barely miss the orc warrior.
The orc warrior is moderately wounded.
The orc warrior hits you but does no damage.
You barely miss the orc warrior. Your punch misses the orc warrior.
The orc warrior is moderately wounded.
You closely miss the orc warrior. Your punch misses the orc warrior.
The orc warrior is moderately wounded.
The orc warrior hits you but does no damage.
You hit the orc warrior but do no damage.
You punch the orc warrior, but do no damage.
The orc warrior is moderately wounded.
The orc warrior hits you but does no damage.
You barely miss the orc warrior.
The orc warrior is moderately wounded.
The orc warrior hits you but does no damage.
You hit the orc warrior but do no damage.
The orc warrior is moderately wounded.
The orc warrior hits you but does no damage.
You smack the orc warrior!
The orc warrior is almost dead.
The orc warrior hits you but does no damage.
You hit the orc warrior but do no damage.
Your punch misses the orc warrior.
The orc warrior is almost dead.
The orc warrior hits you with a +0 dire flail!
* * * LOW HITPOINT WARNING * * *
You hit the orc warrior but do no damage.
The orc warrior is almost dead.
Your transformation is almost over.
The orc warrior hits you with a +0 dire flail!
You die...

#.(..## +.$...
......##..$.#
....K..#....#
.......#....# #.
.......#.oo.#.oo.
.....##oo....#
KK.##o####.#
#.##♣# #).))#
#########..###
#..........#
#.####....##
#.#.........#
#.#..######.#
#....# .# #...##
#


You could see an orc warrior and 4 orcs.

Vanquished Creatures
  Pikel (D:4)
  A centaur (D:7)
  A kobold brigand (D:7)
  A jelly (D:4)
  An orc priest (D:3)
  A hound (D:4)
  Natasha (thrice) (D:2)
  An iguana (D:3)
  5 adders
  2 worms
  A dart slug (D:2)
  11 orcs
  4 bats
  11 endoplasms
  4 giant cockroaches
  7 goblins
  3 hobgoblins
  2 jackals (D:1)
  19 kobolds
  2 quokkas
  3 ball pythons
  5 frilled lizards
  8 rats
97 creatures vanquished.

Vanquished Creatures (others)
  An orc wizard (D:7)
  A frilled lizard (D:1)
2 creatures vanquished.

Grand Total: 99 creatures vanquished

Notes
Turn   | Place    | Note
-------+----------+-------------------------------------------
     0 | D:1      | Ethylacetat the Vine Stalker Shapeshifter began the quest
                  | for the Orb.
     0 | D:1      | Reached XP level 1. HP: 9/9 MP: 2/2
    37 | D:1      | Reached skill level 1 in Fighting
    92 | D:1      | Reached XP level 2. HP: 14/14 MP: 3/3
   285 | D:1      | Reached XP level 3. HP: 18/18 MP: 4/4
   835 | D:2      | Noticed Natasha
   841 | D:2      | Killed Natasha
   842 | D:2      | Reached XP level 4. HP: 22/22 MP: 5/5
   930 | D:2      | Identified the +1 leather armour of Vampiric Thralls {rF+++
                  | rN+ Str+3 Int-2}
   984 | D:2      | Noticed Natasha
  1286 | D:2      | Killed Natasha
  1287 | D:2      | Reached skill level 4 in Shapeshifting
  1287 | D:2      | Reached XP level 5. HP: 19/26 MP: 4/6
  1408 | D:2      | Noticed Natasha
  1431 | D:2      | Killed Natasha
  1948 | D:3      | Reached XP level 6. HP: 6/30 MP: 2/7
  2016 | D:3      | Reached skill level 5 in Shapeshifting
  2251 | D:4      | Noticed Pikel
  2262 | D:4      | Killed Pikel
  2263 | D:4      | Reached skill level 7 in Shapeshifting
  2263 | D:4      | Reached XP level 7. HP: 35/35 MP: 6/8
  2466 | D:4      | Noticed Sigmund
  2469 | D:4      | You fall into a shaft and drop 3 floors!
  2507 | D:7      | Gained mutation: You have razor-sharp teeth. [Vine Stalker
                  | growth]
  2507 | D:7      | Reached XP level 8. HP: 11/39 MP: 1/9
  2524 | D:7      | Reached skill level 8 in Shapeshifting
  2539 | D:7      | Slain by an orc warrior

Illustrated notes

Levels and vault maps discovered:
D:1:      psy_arrival_basics, layout_basic, minmay_crystal_water,
          lemuel_flame_loot_1
D:2:      layout_basic, uniq_natasha
D:3:      layout_loops_cross, minmay_between
D:4:      layout_loops_ring, fedhas_altar_1, grunt_ministairs_3, uniq_sigmund,
          uniq_pikel
D:7:      layout_basic, amcnicky_altar_gilded, grunt_decor_clamped,
          uniq_prince_ribbit1

Skill      XL: |  1  2  3  4  5  6  7  8 |
---------------+-------------------------+-----
Fighting       | 1 2 |  2.0
Dodging        | 2 |  2.4
Shapeshifting  | 4 7 8 |  8.1
Unarmed Combat | |  3.7

Action                     |  1- 3 |  4- 6 |  7- 9 || total
---------------------------+-------+-------+-------++-------
  Melee: Unarmed           |    66 |   128 |    61 ||   255
         Bite              |    17 |    26 |     3 ||    46
         Punch             |     3 |     3 |     3 ||     9
    Use: Potion            |       |     2 |     1 ||     3
   Stab: Sleeping          |     1 |     1 |       ||     2
         Distracted        |     1 |       |       ||     1
 Armour: Animal skin       |    24 |     3 |       ||    27
         Leather armour    |       |    59 |    21 ||    80
         Skin              |       |    29 |    61 ||    90
  Dodge: Dodged            |    39 |    72 |    27 ||   138

Table legend: (Time is in decaauts)
 A = Elapsed time spent in this place.
 B = Non-inter-level travel time spent in this place.
 C = Inter-level travel time spent in this place.
 D = Time resting spent in this place.
 E = Time spent auto-exploring this place.
 F = Levels seen in this place.
 G = Mean time per level.
                   A        B        C        D        E       F      G
               +--------+--------+--------+--------+--------+-----+--------+
         Total |   2525 |   2480 |     45 |     30 |   1871 |   5 |  505.0 |
       Dungeon |   2525 |   2480 |     45 |     30 |   1871 |   5 |  505.0 |
               +--------+--------+--------+--------+--------+-----+--------+

Top non-repeatable levels by time:
     D:1: 789 daAuts
     D:2: 729 daAuts
     D:3: 702 daAuts
     D:4: 232 daAuts
     D:7: 72 daAuts
